 Dungeon Crawl Stone Soup version 0.22-a0-866-geee5034 (webtiles) character file.

1666 VLARC the Magician (level 9, -16/48 HPs)
             Began as a Vine Stalker Skald on July 28, 2018.
             Demolished by a two-headed ogre
             ... wielding a +0 giant club
              (22 damage)
             ... on level 6 of the Dungeon.
             The game lasted 00:12:57 (4909 turns).

VLARC the Magician (Vine Stalker Skald)             Turns: 4909, Time: 00:12:58

Health: -16/48     AC:  9    Str: 14    XL:     9   Next: 1%
Magic:  0/20       EV: 12    Int: 16    God:
Gold:   365        SH:  0    Dex: 14    Spells: 12/21 levels left

rFire    . . .     SeeInvis .   B - +3 falchion
rCold    . . .     Gourm    .   (no shield)
rNeg     . . .     Faith    .   d - +3 leather armour
rPois    +         Spirit   +   s - +0 helmet
rElec    .         Reflect  .   (no cloak)
rCorr    +         Harm     .   t - +1 pair of gloves
MR       +....                  (no boots)
Stlth    +.........             (no amulet)
HPRegen  0.56/turn              k - ring of resist corrosion
MPRegen  0.17/turn              u - ring of poison resistance

@: no status effects
A: fangs 3, regeneration 1, magic shield, antimagic bite, no potion heal 3, rot
immunity
a: no special abilities


You were on level 6 of the Dungeon.
You were not hungry.

You visited 1 branch of the dungeon, and saw 6 of its levels.
You also visited: Sewer.

You collected 365 gold pieces.

Inventory:

Hand Weapons
 B - a +3 falchion (weapon)
Armour
 d - a +3 leather armour (worn)
 s - a +0 helmet (worn)
 t - a +1 pair of gloves (worn)
Jewellery
 k - a ring of resist corrosion (left hand)
 p - an uncursed ring of ice
 u - a ring of poison resistance (right hand)
Wands
 w - a wand of flame (30)
Scrolls
 b - a scroll of remove curse
 g - a scroll of fog
 l - 3 scrolls of blinking
 n - 3 scrolls of teleportation
 v - a scroll of amnesia {unknown}
 y - a scroll of random uselessness {unknown}
Potions
 c - 5 potions of lignification
 e - 2 potions of curing
 h - 2 potions of might
 o - 2 potions of brilliance {unknown}
 r - a potion of haste {unknown}
 x - a potion of invisibility {unknown}
 z - a potion of mutation {unknown}
 A - a potion of agility {unknown}
Comestibles
 a - 2 chunks of flesh
 f - 11 rations


   Skills:
 + Level 6.1 Fighting
 + Level 6.0 Long Blades
 - Level 0.7 Armour
 - Level 1.5 Dodging
 + Level 6.8 Spellcasting
 - Level 3.0 Charms


You had 12 spell levels left.
You knew the following spells:

 Your Spells              Type           Power        Failure   Level  Hunger
a - Infusion              Chrm           ###.         4%          1    None
b - Shroud of Golubria    Chrm/Tloc      ##........   13%         2    None
c - Regeneration          Chrm/Necr      ##........   26%         3    ##.....
d - Spectral Weapon       Hex/Chrm       ##......     26%         3    ##.....

Your spell library contained the following spells:

 Spells                   Type           Power        Failure   Level  Hunger
 Song of Slaying          Chrm           ###.....     7%          2    None


Dungeon Overview and Level Annotations

Branches:
Dungeon (6/15)
 Temple: D:4-7

Altars:
Ashenzari
Dithmenos
Elyvilon
Gozag
Okawaru
Qazlal
Trog
Wu Jian
Zin
The Shining One


Innate Abilities, Weirdness & Mutations

You have razor-sharp teeth.
Your natural rate of healing is unusually fast.
When hurt, damage is shared between your health and your magic reserves.
Your bite disrupts and absorbs the magic of your enemies.
Potions cannot restore your health.
You are immune to rotting.


Message History

Your spectral weapon hits the two-headed ogre but does no damage.
The two-headed ogre hits you but does no damage.
The two-headed ogre closely misses you.
You hit the two-headed ogre.
The two-headed ogre is severely wounded.
Your spectral weapon barely misses the two-headed ogre.
You hit the two-headed ogre.
The two-headed ogre is severely wounded.
Your spectral weapon hits the two-headed ogre.
The two-headed ogre hits you with a giant club!!
The two-headed ogre hits you with a giant club!
* * * LOW HITPOINT WARNING * * *
Unknown command.
You hit the two-headed ogre.
The two-headed ogre is severely wounded.
Your spectral weapon hits the two-headed ogre but does no damage.
The two-headed ogre hits you with a giant club.
* * * LOW HITPOINT WARNING * * *
The two-headed ogre hits you with a giant club!!
You die...

,,,* #≈≈≈≈#≈#≈# *,*
,,,* ####≈#÷#≈# *,*
,,,* #≈≈≈≈≈≈#.# *,*
,,,* #≈#########*,*
**** #≈≈≈≈≈≈≈≈≈##,# *
#####≈#≈#≈≈.#.#
*########..≈≈≈≈≈.≈....#
,............≈.....##.*
,..gg...........@(.#*,*
,.........'.....O.##*,*
,.........######)## *,*
*#+######## #)# *,*
**,* #)# *,* **,* #.#
*,* *,* #######.# *,*
**,* #.......# *<* ,,,*
#.#######***,*


You could see a two-headed ogre and a friendly spectral enchanted falchion.

Vanquished Creatures
  A hungry ghost (D:6)
  Eustachio (D:5)
  2 ice beasts
  An ogre (D:5)
  3 centaurs
  A bullfrog (Sewer)
  A gnoll sergeant (D:6)
  A crimson imp (D:5)
  A gnoll shaman (D:4)
  4 orc priests
  A hound (D:4)
  An orc wizard (D:4)
  An iguana (D:4)
  3 worker ants
  11 adders
  17 gnolls
  4 river rats (D:6)
  An adder skeleton (D:4)
  4 worms
  3 leopard geckos
  10 orcs
  4 ball pythons
  9 bats
  9 giant cockroaches
  7 goblins
  3 hobgoblins (D:1)
  8 jackals
  2 quokkas
  12 frilled lizards
  8 kobolds
  6 rats
140 creatures vanquished.

Vanquished Creatures (others)
  A spectral weapon (D:6)
1 creature vanquished.

Grand Total: 141 creatures vanquished

Notes
Turn   | Place    | Note
-------+----------+-------------------------------------------
     0 | D:1      | VLARC the Vine Stalker Skald began the quest for the Orb.
     0 | D:1      | Reached XP level 1. HP: 11/11 MP: 4/4
   181 | D:1      | Reached XP level 2. HP: 15/15 MP: 6/6
   617 | D:1      | Reached XP level 3. HP: 18/18 MP: 8/8
   955 | D:2      | Learned a level 2 spell: Shroud of Golubria
   959 | D:2      | Learned a level 3 spell: Regeneration
  1264 | D:2      | Gained mutation: Your natural rate of healing is unusually fast. [Vine Stalker growth]
  1264 | D:2      | Reached XP level 4. HP: 12/23 MP: 9/9
  1544 | D:3      | Found a glowing golden altar of the Shining One.
  1795 | D:3      | Reached XP level 5. HP: 28/28 MP: 9/11
  1896 | D:3      | Found a shattered altar of Ashenzari.
  2032 | D:4      | Found an ornate altar of the Wu Jian Council.
  2106 | D:4      | Found a white marble altar of Elyvilon.
  2169 | D:4      | Reached XP level 6. HP: 21/32 MP: 11/13
  3026 | D:5      | Entered Level 5 of the Dungeon
  3042 | D:5      | Reached XP level 7. HP: 32/37 MP: 14/14
  3203 | D:5      | Found a stormy altar of Qazlal.
  3274 | D:5      | Found a shadowy altar of Dithmenos.
  3284 | D:5      | Reached skill level 5 in Spellcasting
  3490 | D:5      | Noticed Eustachio
  3621 | D:5      | Found a glowing silver altar of Zin.
  3621 | D:5      | Found an opulent altar of Gozag.
  3674 | D:5      | Killed Eustachio
  3674 | D:5      | Reached skill level 5 in Fighting
  3674 | D:5      | Reached skill level 5 in Long Blades
  3674 | D:5      | Gained mutation: You have razor-sharp teeth. [Vine Stalker growth]
  3674 | D:5      | Reached XP level 8. HP: 43/43 MP: 17/17
  3688 | D:5      | Found a bloodstained altar of Trog.
  3969 | D:5      | Learned a level 3 spell: Spectral Weapon
  4174 | D:6      | Found an iron altar of Okawaru.
  4297 | D:6      | Found a glowing drain.
  4315 | Sewer    | Entered a sewer
  4850 | D:6      | Reached XP level 9. HP: 29/48 MP: 15/20
  4878 | D:6      | Noticed a two-headed ogre
  4909 | D:6      | Demolished by a two-headed ogre

Vault maps used:
D:1:      dpeg_arrival_arbitrary_b, minmay_misc_feat_tiny,
          minmay_misc_feat_nine_boxes
D:3:      lemuel_crystal_altar, overflow_temple_1_default, minmay_misc_feat_rows
D:4:      old_standard_altar, lemuel_coloured_pillars_altar
D:5:      grunt_temple_overflow_gold_and_silver, nicolae_dithmenos_the_darkroom,
          bloody_trog, first_ration, nicolae_qazlal_general_emergency,
          uniq_eustachio
D:6:      lightli_sewer_entry_pipes, basic_altar, mrwooster_statue_mirror
Sewer:    sewer_frog_island_01

Skill      XL: |  1  2  3  4  5  6  7  8 |
---------------+-------------------------+-----
Long Blades    | 2 3 4 5 6 |  6.0
Fighting       | 2 3 4 5 6 |  6.1
Spellcasting   | 3 4 5 6 |  6.8
Armour         | |  0.7
Dodging        | |  1.5
Charms         | |  3.0

Action                   |  1- 3 |  4- 6 |  7- 9 || total
-------------------------+-------+-------+-------++-------
Melee: Falchion          |   117 |   181 |   300 ||   598
       Bite              |    30 |    61 |    96 ||   187
 Cast: Shroud of Golubri |       |     3 |       ||     3
       Infusion          |       |     1 |       ||     1
       Regeneration      |       |       |     1 ||     1
       Spectral Weapon   |       |       |     2 ||     2
Evoke: Wand              |       |       |     7 ||     7
  Use: Potion            |       |       |     1 ||     1
       Scroll            |       |       |     8 ||     8
 Stab: Sleeping          |       |     1 |     2 ||     3
  Eat: Chunk             |     1 |     6 |     5 ||    12
       Ration            |       |       |     2 ||     2
Armor: Leather armour    |    58 |    61 |   124 ||   243
Dodge: Dodged            |    83 |   138 |   217 ||   438
       Rpst.: Falchion   |    20 |    45 |    62 ||   127

Table legend:
 A = Spawn XP
 B = Non-spawn XP
 C = Spawn XP percentage of total XP
 D = Spawn monster count
 E = Non-spawn monster count
 F = Spawn count percentage of total count
 G = Total turns spent on level
                    A         B        C        D         E        F      G
               +---------+---------+-------+---------+---------+-------+---------
         Total |       0 |    2381 |   0.0 |       0 |     140 |   0.0 |  4909
               +---------+---------+-------+---------+---------+-------+---------
           D:1 |       0 |      35 |   0.0 |       0 |      20 |   0.0 |   637
           D:2 |       0 |      47 |   0.0 |       0 |      18 |   0.0 |   713
           D:3 |       0 |      95 |   0.0 |       0 |      17 |   0.0 |   615
           D:4 |       0 |     413 |   0.0 |       0 |      25 |   0.0 |  1132
           D:5 |       0 |     897 |   0.0 |       0 |      14 |   0.0 |   906
           D:6 |       0 |     775 |   0.0 |       0 |      27 |   0.0 |   470
         Sewer |       0 |     119 |   0.0 |       0 |      19 |   0.0 |   436
               +---------+---------+-------+---------+---------+-------+---------
